 Dungeon Crawl Stone Soup version 0.25-a0-713-g4845790874 (webtiles) character file.

Game seed: 9309819655565159899, levelgen mode: deterministic

61742 MisterFreud the Warrior (level 14, -2/117 HPs)
             Began as a Felid Berserker on Apr 5, 2020.
             Was the Champion of Trog.
             Slain by a merfolk
             ... wielding a +1 trident of flaming
              (20 damage)
             ... on level 1 of the Shoals.
             The game lasted 01:27:05 (32299 turns).

MisterFreud the Warrior (Felid Berserker)          Turns: 32299, Time: 01:27:06

Health: -2/117     AC:  3    Str: 11    XL:     14   Next: 61%
Magic:  22/22      EV: 36    Int: 10    God:    Trog [******]
Gold:   2318       SH:  0    Dex: 23    Spells: 13/13 levels left
                                        Lives:  0   Deaths: 2

rFire    . . .     SeeInvis +     - Unarmed
rCold    + . .     Gourm    .   (shield unavailable)
rNeg     + . .     Faith    .   (armour unavailable)
rPois    .         Spirit   .   (helmet unavailable)
rElec    .         Reflect  .   (cloak unavailable)
rCorr    +         Harm     .   (gloves unavailable)
MR       +++..                  (boots unavailable)
Stlth    ..........             v - amulet "Bienef" {rN+ Regen+}
HPRegen  0.69/turn              F - ring of resist corrosion
MPRegen  0.18/turn              J - ring of protection from magic

@: berserking (expiring), studying Fighting, very quick
A: very small, no armour, no weapons or thrown items, stealth, claws 1, fangs 3,
thin skeletal structure 1, see invisible, carnivore, speed 1, shaggy fur 3, slow
metabolism 1, weak 1, wild magic 1, MP-powered wands, sharp paws
a: Berserk, Trog's Hand, Brothers in Arms, Renounce Religion


You were on level 1 of the Shoals.
You worshipped Trog.
Trog was exalted by your worship.
You were full.

You visited 5 branches of the dungeon, and saw 25 of its levels.

You collected 2743 gold pieces.
You spent 425 gold pieces at shops.

Inventory:

Jewellery
 v - the amulet "Bienef" (around neck) {rN+ Regen+}
   (You found it on level 3 of the Lair of Beasts)

   [amulet of regeneration]

   It protects you from negative energy.
   It increases your rate of regeneration.
 F - a ring of resist corrosion (left paw)
 H - an uncursed amulet of faith
 J - a ring of protection from magic (right paw)
Wands
 g - a wand of random effects (32)
 k - a wand of paralysis (7)
 l - a wand of flame (36)
 o - a wand of clouds (5)
 q - a wand of digging (8)
 t - a wand of disintegration (13)
 u - a wand of polymorph (21)
 y - a wand of acid (13)
 z - a wand of iceblast (4)
Scrolls
 b - 2 scrolls of fear
 f - 4 scrolls of fog
 i - 12 scrolls of remove curse
 j - a scroll of blinking
 m - 3 scrolls of teleportation
 w - 3 scrolls of magic mapping
 x - 6 scrolls of identify
 C - 3 scrolls of immolation
 D - 2 scrolls of torment
Potions
 c - 5 potions of brilliance
 d - 3 potions of ambrosia
 e - 4 potions of might
 h - 4 potions of lignification
 n - 6 potions of heal wounds
 p - a potion of flight
 r - 10 potions of curing
 s - 5 potions of magic
 A - 4 potions of haste
 B - 2 potions of berserk rage
Books
 G - a manual of Fighting
Miscellaneous
 E - a lightning rod (4/4)
 K - a tin of tremorstones
Comestibles
 a - 38 rations


   Skills:
 + Level 18.2 Fighting
 + Level 17.9 Dodging
 - Level 10.0 Stealth
 + Level 16.7 Unarmed Combat
 - Level 10.0 Evocations


You had 13 spell levels left.
You didn't know any spells.
Your spell library was empty.

Dungeon Overview and Level Annotations

Branches:
Dungeon (15/15)            Temple (0/1) D:4            Lair (6/6) D:9
 Shoals (1/4) Lair:3       Spider (1/4) Lair:3        Slime (0/5) Lair:5
    Orc (2/2) D:9             Elf (0/3) Orc:2        Vaults (0/5) D:14
 Depths (0/5) D:15

Altars:
Hepliaklqana
Nemelex Xobeh
Ru
Wu Jian
Zin
The Shining One
Jiyva

Shops:
D:14 !   Orc:2 (([*:

Annotations:
Lair:5 exclusion: oklob plant
Lair:6 1 runed translucent door, exclusion: oklob plant
Shoals:1 exclusion: oklob plant
Orc:2 2 transporters, Scuka's ghost, journeyman DsGl


Innate Abilities, Weirdness & Mutations

You cannot wear armour.
You are incapable of wielding weapons or throwing items.
Your paws allow you to move quietly. (Stealth)
You have sharp claws.
You have razor-sharp teeth.
You have supernaturally acute eyesight. (SInv)
You are carnivorous and can eat meat at any time.
You cover ground quickly.
Your thick and shaggy fur keeps you warm. (AC +3, rC+)
You have a slow metabolism.
Your sharp claws are effective at attacking unaware monsters.
You have a somewhat thin skeletal structure. (Dex +2, Stealth)
You are weak. (Str -2)
Your spells are a little harder to cast, but a little more powerful.
You expend magic power (3 MP) to strengthen your wands.


Message History

Trog appreciates your killing of a magic user.
You completely miss the water elemental.
The water elemental is severely damaged.
The merfolk hits you from afar with a +1 trident of flaming!!
* * * LOW HITPOINT WARNING * * *
The merfolk burns you.
* * * LOW HITPOINT WARNING * * *
The water elemental completely misses you.
You mangle the water elemental!!
You destroy the water elemental!
Trog accepts your kill.
The faun unwields a +0 hunting sling.
The faun wields a +0 quarterstaff.
The faun completely misses you.
The faun shoots a stone.
The stone misses you.
You hear a splash.
The faun shoots a stone.
The stone completely misses you.
You hear a splash.
You closely miss the faun. You claw the faun!! Your bite misses the faun.
The faun is heavily wounded.
The merfolk hits you from afar with a +1 trident of flaming!!
You die...

≈≈≈≈≈≈≈≈....≈≈P≈≈
≈≈.............≈≈
≈≈≈≈....[..!...≈≈≈
.≈≈≈≈≈≈.........≈≈≈≈
..≈≈≈≈≈.≈......≈≈≈≈≈
...≈≈≈.≈..^...≈≈≈≈≈
...≈≈.≈≈)).(≈≈≈≈≈≈
#.≈≈≈≈c.)(≈≈..≈≈≈
##.≈≈≈c)@<.≈((≈≈≈≈
#####..≈k(m(...≈≈≈≈≈≈≈
.......(..(###..≈≈≈≈≈≈
.k....≈≈c..# #..≈≈≈≈≈≈
m.≈EP≈≈≈≈..# #.≈≈≈≈≈≈≈
..≈≈cP≈≈≈......≈≈≈≈≈≈≈
..≈P≈P≈≈≈.....≈≈≈≈≈≈≈
.≈≈≈≈..≈PP.#..≈≈≈≈≈≈≈
..P≈≈PP≈..##..≈≈


You could see a wind drake, a merfolk and 3 fauns.

Vanquished Creatures
  A sphinx (D:15)
  Frances (D:14)
  Gastronok (Lair:1)
  Kirke (D:12)
  A fire giant (D:15)
  An azure jelly (shapeshifter) (D:15)
  Louise (D:14)
  3 orc warlords
  A war gargoyle (D:15)
  Snorg (D:14)
  2 dire elephants
  2 ettins (D:15)
  Josephine (D:11)
  A great orb of eyes (D:15)
  Harold (D:8)
  A catoblepas (Lair:6)
  A rakshasa (D:15)
  7 hydras
  4 centaur warriors (D:15)
  An ogre mage (D:15)
  4 two-headed ogres
  A merfolk aquamancer (Shoals:1)
  11 death yaks
  7 orc high priests (Orc:2)
  A tengu warrior (D:15)
  Sonja (Lair:1)
  Nergalle (Orc:1)
  A skeletal warrior (D:14)
  3 unseen horrors
  A flayed ghost (D:15)
  2 lindwurms (Lair:6)
  7 orc knights
  2 harpies (D:15)
  14 ugly things
  A deep elf archer (D:14)
  Pikel (D:7)
  2 wolf spiders
  3 fauns (Shoals:1)
  2 orc sorcerers (Orc:2)
  A deep elf mage (D:15)
  6 manticores
  3 cyclopes
  22 elephants
  A moth of wrath (shapeshifter) (D:15)
  A merfolk siren (Shoals:1)
  5 black mambas (Lair:6)
  Maurice (D:12)
  3 centaur zombies
  3 spiny frogs
  6 torpor snails (Lair:6)
  9 centaur skeletons
  2 gargoyles
  A yaktaur (shapeshifter) (D:15)
  4 rime drakes
  4 komodo dragons
  7 kobold demonologists
  A freezing wraith (D:15)
  An efreet (D:14)
  5 yaktaurs
  4 demonic crawlers
  3 tengu conjurers
  4 jumping spiders
  13 trolls
  A meliai (D:15)
  2 merfolk
  A troll (shapeshifter) (D:14)
  A wolf spider simulacrum (D:14)
  8 hornets
  Prince Ribbit (D:8)
  4 tyrant leeches (Lair:6)
  10 blink frogs
  5 dream sheep (Lair:5)
  13 slime creatures
  8 hippogriffs
  Sigmund (D:2)
  A spriggan (Lair:3)
  2 water elementals (Shoals:1)
  4 shadows
  5 wyverns
  9 redbacks
  5 wraiths
  4 basilisks
  4 hogs
  A hungry ghost (D:13)
  28 yaks
  2 vampire mosquitoes (D:15)
  4 wargs
  A soldier ant (D:12)
  Duvessa (D:5)
  3 acid dragons
  4 porcupines
  12 water moccasins
  A meliai simulacrum (D:15)
  46 orc warriors
  A swamp drake (D:9)
  4 sky beasts
  2 black bears
  2 necrophages
  3 ice beasts
  3 slaves (D:7)
  A boggart (D:15)
  A phantom (D:4)
  3 eyes of draining
  14 ogres
  7 wolves
  7 centaurs
  11 crocodiles
  9 big kobolds
  13 bullfrogs
  3 wyvern skeletons
  6 scorpions
  A water moccasin skeleton (D:9)
  Dowan (D:5)
  9 killer bees
  6 wights
  2 howler monkeys
  5 crimson imps
  2 bullfrog zombies
  7 hounds
  3 jellies
  21 orc priests
  A bullfrog skeleton (D:4)
  Jessica (D:2)
  Ijyb (D:3)
  6 iguanas
  25 orc wizards
  11 worker ants
  6 hell rats (Lair:6)
  2 hound skeletons
  Robin (D:3)
  A worker ant zombie (D:6)
  15 gnolls
  15 adders
  4 shadow imps
  2 adder skeletons
  4 worms
  3 dart slugs
  5 leopard geckos
  115 orcs
  4 bats
  8 giant cockroaches
  16 goblins
  7 hobgoblins
  18 jackals
  3 quokkas
  A ball python (D:3)
  4 frilled lizards
  A jackal skeleton (D:8)
  26 kobolds
  2 leopard gecko skeletons
  A quokka skeleton (D:8)
  A quokka zombie (D:6)
  7 rats
864 creatures vanquished.

Vanquished Creatures (collateral kills)
  2 merfolk sirens (Lair:3)
  An elephant (Lair:3)
  A merfolk (Lair:3)
  A wolf (Lair:2)
  An orc priest (D:8)
  An adder (D:8)
  An orc (D:8)
8 creatures vanquished.

Vanquished Creatures (others)
  A hungry ghost (D:13)
  92 fungi
  38 plants
131 creatures vanquished.

Grand Total: 1003 creatures vanquished

Notes
Turn   | Place    | Note
-------+----------+-------------------------------------------
     0 | D:1      | MisterFreud the Felid Berserker began the quest for the
                  | Orb.
     0 | D:1      | Reached XP level 1. HP: 10/10 MP: 2/2
   341 | D:1      | Reached XP level 2. HP: 15/15 MP: 3/3
   652 | D:2      | Noticed Jessica
   659 | D:2      | Killed Jessica
   659 | D:2      | Reached skill level 4 in Fighting
   659 | D:2      | Reached XP level 3. HP: 18/18 MP: 4/4
   815 | D:2      | Reached skill level 5 in Fighting
   815 | D:2      | Reached XP level 4. HP: 23/23 MP: 5/5
   871 | D:2      | Noticed Sigmund
   889 | D:2      | Killed Sigmund
   889 | D:2      | Reached skill level 5 in Dodging
   889 | D:2      | Reached XP level 5. HP: 13/26 MP: 6/6
  1255 | D:2      | Reached ** piety under Trog
  1382 | D:2      | Gained mutation: You are covered in thick fur. (AC +2)
                  | [Felid growth]
  1382 | D:2      | Reached XP level 6. HP: 29/30 MP: 7/7
  2123 | D:3      | Noticed Robin
  2391 | D:3      | Killed Robin
  2532 | D:3      | Reached *** piety under Trog
  2823 | D:3      | Noticed Ijyb
  2832 | D:3      | Killed Ijyb
  3711 | D:4      | Reached XP level 7. HP: 22/33 MP: 8/8
  3981 | D:4      | Reached skill level 1 in Evocations
  4083 | D:4      | Reached skill level 5 in Stealth
  4206 | D:4      | Found a staircase to the Ecumenical Temple.
  4216 | D:4      | Reached skill level 5 in Unarmed Combat
  4451 | D:5      | Entered Level 5 of the Dungeon
  4560 | D:5      | Noticed Dowan
  4566 | D:5      | Noticed Duvessa
  4567 | D:5      | Killed Dowan
  4614 | D:5      | Killed Duvessa
  4761 | D:5      | Reached XP level 8. HP: 37/37 MP: 11/11
  5001 | D:5      | Reached **** piety under Trog
  5051 | D:6      | Reached skill level 5 in Evocations
  5218 | D:6      | Found a sacrificial altar of Ru.
  5890 | D:7      | HP: 1/38 [killer bee (7)]
  6035 | D:8      | Reached XP level 9. HP: 41/41 MP: 13/13
  6040 | D:8      | Reached skill level 6 in Fighting
  6913 | D:8      | Noticed Harold
  6942 | D:8      | Killed Harold
  6942 | D:8      | Reached skill level 7 in Fighting
  6942 | D:8      | Reached skill level 10 in Dodging
  7122 | D:8      | Noticed Prince Ribbit
  7124 | D:8      | Killed Prince Ribbit
  7124 | D:8      | Reached XP level 10. HP: 36/47 MP: 14/14
  8153 | D:7      | Noticed Pikel
  8159 | D:7      | Killed Pikel
  8159 | D:7      | Reached skill level 8 in Fighting
  8815 | D:9      | Found a staircase to the Lair.
  9012 | D:9      | Found a glowing golden altar of the Shining One.
  9189 | D:9      | Reached ***** piety under Trog
  9243 | D:9      | Found a staircase to the Orcish Mines.
  9803 | D:10     | Entered Level 10 of the Dungeon
 10106 | D:10     | Noticed a two-headed ogre
 10124 | D:10     | Killed a two-headed ogre
 10666 | D:11     | Noticed a red ugly thing
 10679 | D:11     | Killed a red ugly thing
 10679 | D:11     | Reached XP level 11. HP: 42/51 MP: 18/18
 11381 | D:11     | Noticed a two-headed ogre
 11397 | D:11     | Killed a two-headed ogre
 11485 | D:11     | Noticed Josephine
 11571 | D:11     | Killed Josephine
 11788 | Lair:1   | Entered Level 1 of the Lair of Beasts
 11835 | Lair:1   | Noticed Sonja
 11842 | Lair:1   | Killed Sonja
 12415 | Lair:1   | Noticed Gastronok
 12432 | Lair:1   | Killed Gastronok
 12432 | Lair:1   | Reached skill level 9 in Fighting
 12492 | Lair:2   | Reached skill level 10 in Stealth
 12898 | Lair:2   | Gained mutation: Your thick and shaggy fur keeps you warm.
                  | (AC +3, rC+) [Felid growth]
 12898 | Lair:2   | Reached XP level 12. HP: 57/57 MP: 20/20
 12936 | Lair:2   | Reached skill level 10 in Evocations
 13412 | Lair:3   | Found a hole to the Spider Nest.
 14021 | Lair:3   | Noticed a death yak
 14022 | Lair:3   | Noticed a death yak
 14022 | Lair:3   | Noticed a death yak
 14022 | Lair:3   | Noticed a death yak
 14023 | Lair:3   | Noticed a death yak
 14062 | Lair:2   | Killed a death yak
 14062 | Lair:2   | Reached skill level 10 in Fighting
 14062 | Lair:2   | Reached skill level 10 in Unarmed Combat
 14141 | Lair:2   | Killed a death yak
 14289 | Lair:3   | Noticed a death yak
 14332 | Lair:2   | Killed a death yak
 14423 | Lair:2   | Killed a death yak
 14517 | Lair:2   | Killed a death yak
 14517 | Lair:2   | Reached skill level 15 in Dodging
 14571 | Lair:2   | Killed a death yak
 14944 | Lair:3   | Got a flickering bronze amulet
 14945 | Lair:3   | Identified the amulet "Bienef" {rN+ Regen+} (You found it
                  | on level 3 of the Lair of Beasts)
 15268 | Lair:3   | Found the cursed +14 obsidian axe {vorpal, +Fly SInv
                  | *Curse}
 15755 | Lair:3   | Reached skill level 11 in Fighting
 15755 | Lair:3   | Reached XP level 13. HP: 63/63 MP: 21/21
 15909 | Lair:3   | Found a staircase to the Shoals.
 16397 | Lair:3   | Noticed a dire elephant
 16427 | Lair:3   | Killed a dire elephant
 17638 | Lair:5   | Found a viscous altar of Jiyva.
 17638 | Lair:5   | Found a staircase to the Slime Pits.
 17705 | Lair:5   | Reached skill level 12 in Fighting
 18173 | Lair:6   | Entered Level 6 of the Lair of Beasts
 18571 | Lair:6   | Found a runed translucent door.
 19748 | Lair:5   | Reached skill level 13 in Fighting
 20069 | Lair:6   | Reached XP level 14. HP: 70/70 MP: 22/22
 20866 | Lair:6   | Found the +8 storm bow {elec, penet}
 22198 | D:12     | Reached skill level 14 in Fighting
 22379 | D:12     | Reached ****** piety under Trog
 22506 | D:12     | Noticed Maurice
 22515 | D:12     | Killed Maurice
 22929 | D:13     | Noticed Kirke
 23022 | D:12     | Killed Kirke
 24199 | D:14     | Noticed Frances
 24215 | D:14     | Killed Frances
 24530 | D:14     | Identified a scroll of acquirement
 24734 | D:14     | Reached skill level 15 in Fighting
 24812 | D:14     | Reached skill level 15 in Unarmed Combat
 24812 | D:14     | Reached XP level 15. HP: 77/77 MP: 23/23
 24931 | D:14     | Noticed Louise
 24954 | D:14     | Killed Louise
 25068 | D:14     | Found a gate to the Vaults.
 25287 | D:14     | Found Elefez's Distillery.
 25290 | D:14     | Bought a potion of heal wounds for 85 gold pieces
 25290 | D:14     | Bought a potion of curing for 51 gold pieces
 25290 | D:14     | Bought a potion of might for 68 gold pieces
 25290 | D:14     | Bought a potion of heal wounds for 85 gold pieces
 25290 | D:14     | Bought a potion of ambrosia for 136 gold pieces
 25313 | D:14     | Noticed Snorg
 25316 | D:14     | Killed Snorg
 25483 | D:15     | Entered Level 15 of the Dungeon
 26164 | Orc:1    | Entered Level 1 of the Orcish Mines
 26168 | Orc:1    | Noticed an orc warlord
 26405 | D:9      | Killed an orc warlord
 26548 | Orc:1    | Noticed Nergalle
 26576 | Orc:1    | Killed Nergalle
 26845 | Orc:2    | Entered Level 2 of the Orcish Mines
 26850 | Orc:2    | Found Zomnin's Weapon Shop.
 26885 | Orc:2    | Found Geonterph's General Store.
 27253 | Orc:2    | Found a transporter.
 27395 | Orc:2    | Found Waena's Antique Weapon Emporium.
 27395 | Orc:2    | Noticed an orc warlord
 27428 | Orc:2    | Gained mutation: Your body sometimes deteriorates upon
                  | taking damage. [a neqoxec]
 27633 | Orc:2    | Reached skill level 16 in Fighting
 27785 | Orc:2    | Killed an orc warlord
 27839 | Orc:2    | Found a staircase to the Elven Halls.
 27843 | Orc:2    | Found Matom's Antique Armour Shop.
 27911 | Orc:2    | Found Iruaputt's Book Boutique.
 28270 | Orc:2    | Found a transporter.
 28281 | Orc:2    | Noticed Scuka's ghost (journeyman DsGl)
 28410 | Orc:2    | Lost mutation: Your body sometimes deteriorates upon taking
                  | damage. [potion of mutation]
 28410 | Orc:2    | Gained mutation: Your spells are a little harder to cast,
                  | but a little more powerful. [potion of mutation]
 28410 | Orc:2    | Gained mutation: You are occasionally teleported next to
                  | monsters. [potion of mutation]
 28410 | Orc:2    | Gained mutation: You are partially covered in iridescent
                  | scales. (AC +2) [potion of mutation]
 28411 | Orc:2    | Lost mutation: You are partially covered in iridescent
                  | scales. (AC +2) [potion of mutation]
 28411 | Orc:2    | Lost mutation: You are occasionally teleported next to
                  | monsters. [potion of mutation]
 28411 | Orc:2    | Gained mutation: You are weak. (Str -2) [potion of
                  | mutation]
 28411 | Orc:2    | Gained mutation: You expend magic power (3 MP) to
                  | strengthen your wands. [potion of mutation]
 28411 | Orc:2    | Gained mutation: You have a somewhat thin skeletal
                  | structure. (Dex +2, Stealth) [potion of mutation]
 29201 | D:15     | Found a glowing silver altar of Zin.
 29202 | D:15     | Found a sparkling altar of Nemelex Xobeh.
 29202 | D:15     | Found a hazy altar of Hepliaklqana.
 29525 | D:15     | Reached skill level 17 in Fighting
 29697 | D:15     | Reached XP level 16. HP: 84/84 MP: 24/24
 30263 | D:15     | Noticed a sphinx
 30283 | D:15     | Killed a sphinx
 30739 | D:15     | Mangled by an azure jelly (glowing shapeshifter)
 30740 | D:15     | Reached XP level 15. HP: -9/120 MP: 23/23
 30790 | D:15     | Found a staircase to the Depths.
 30921 | D:15     | Killed an orc warlord
 31150 | D:15     | Noticed an azure jelly
 31150 | D:15     | an emperor scorpion changed into an azure jelly
 31156 | D:15     | Noticed a quicksilver dragon
 31159 | D:15     | Noticed an azure jelly
 31159 | D:15     | a quicksilver dragon changed into an azure jelly
 31164 | D:15     | Killed an azure jelly
 31693 | Spider:1 | Entered Level 1 of the Spider Nest
 31881 | Lair:3   | Reached skill level 18 in Fighting
 32143 | Lair:3   | HP: 3/81 [redback (9)]
 32144 | Lair:3   | Succumbed to a redback's poison
 32145 | Lair:3   | Reached XP level 14. HP: 0/78 MP: 22/22
 32220 | Shoals:1 | Entered Level 1 of the Shoals
 32233 | Shoals:1 | Found an ornate altar of the Wu Jian Council.
 32299 | Shoals:1 | Slain by a merfolk

Levels and vault maps discovered:
D:1:      ncdulo_watergridlock, layout_rooms, serial_bayou_lagoon_b
D:2:      layout_loops_corners, first_ration, uniq_jessica, uniq_sigmund
D:3:      layout_basic, serial_glass, glass_columns_b, glass_columns_a,
          minivault_26, uniq_ijyb, uniq_robin
D:4:      layout_gridville, minmay_temple_entry_mist
D:5:      layout_cave_pools, minmay_misc_feat_hallway, uniq_duvessa
D:6:      layout_basic, nicolae_ru_awakened_eye
D:7:      layout_basic, uniq_pikel
D:8:      layout_basic, blue_anna_alchemist [blue_anna_fruit_fields,
          blue_anna_fruit_fields], uniq_prince_ribbit1, uniq_harold
D:9:      layout_long_grid, lair_entry_dummy, erik_orc_1, basic_altar
D:10:     layout_rooms, serial_corexii_hall, corexii_hall_statues_deadend,
          corexii_hall_statues_l
D:11:     layout_gridville, uniq_josephine
D:12:     layout_long_grid, special_room [special_room_orc],
          chequers_serial_rivers_marsh, uniq_maurice
D:13:     layout_gridville, uniq_kirke
D:14:     layout_small_grid, hangedman_vaults_entry_quadrant_bands,
          serial_shops, kennysheep_mini, chequers_serial_rivers_small_3,
          uniq_snorg, uniq_louise, uniq_frances
D:15:     hangedman_slaughterboxes
Lair:1:   layout_big_grid, chequers_serial_rivers_large_b, uniq_gastronok,
          uniq_sonja
Lair:2:   layout_roguey, columned_hall_lemuel
Lair:3:   mu_elephants_graveyard, layout_long_grid, elwin_shoals_entry_stream,
          nicolae_spider_entry_non_spiders
Lair:4:   layout_regular_city, serial_bayou_pond_d,
          chequers_serial_rivers_small_a
Lair:5:   layout_concentric_octagons, slime_altar_1, minmay_lair_oklob_items
Lair:6:   wormcave, layout_long_grid, hangedman_lair_in_review
Shoals:1: layout_shoals, lemuel_oklob_altar
Spider:1: layout_spider_delve, gammafunk_ghost_tricky_traps,
          nicolae_spider_shape
Orc:1:    layout_caves, uniq_nergalle
Orc:2:    grunt_orc_gardens, layout_caves, grunt_orc_garden, grunt_orc_garden,
          grunt_orc_garden, grunt_orc_garden, gammafunk_ghost_stat_death,
          serial_shops, nicolae_shop_competitors_out_of_business

Skill      XL: |  1  2  3  4  5  6  7  8  9 10 11 12 13 14 15 |
---------------+----------------------------------------------+-----
Fighting       | 4 5 7 8 9 11 13 15 18 | 18.2
Dodging        | 5 6 7 9 10 12 13 15 17 | 17.9
Stealth        | 3 4 5 6 8 10 | 10.0
Unarmed Combat | 4 5 7 8 9 11 13 15 16 | 16.7
Evocations     | 3 5 8 9 10 | 10.0

Action                   |  1- 3 |  4- 6 |  7- 9 | 10-12 | 13-15 | 16-18 || total
-------------------------+-------+-------+-------+-------+-------+-------++-------
Melee: Unarmed           |    57 |   198 |   305 |   770 |  1638 |   119 ||  3087
       Bite              |     7 |    17 |    32 |   102 |   237 |    21 ||   416
       Punch             |     1 |     5 |     9 |    43 |   155 |    14 ||   227
Invok: Berserk           |     3 |     6 |    16 |    23 |    63 |    10 ||   121
       Trog's Hand       |       |     2 |     8 |     9 |    24 |     2 ||    45
       Brothers in Arms  |       |       |     1 |     1 |     3 |       ||     5
Evoke: Wand              |       |       |     1 |     1 |    11 |       ||    13
  Use: Scroll            |       |       |    16 |     8 |    11 |       ||    35
       Potion            |       |       |     4 |     1 |     5 |       ||    10
 Stab: Sleeping          |     5 |    13 |    14 |    28 |    54 |     4 ||   118
       Distracted        |       |       |     3 |     3 |    13 |     1 ||    20
       Confused          |       |       |       |     1 |       |       ||     1
       Paralysed         |       |       |       |     2 |     4 |       ||     6
  Eat: Chunk             |     8 |    10 |    27 |    42 |   104 |    10 ||   201
Armor: Skin              |     2 |     6 |    13 |    16 |    39 |     2 ||    78
Dodge: Dodged            |    33 |   149 |   286 |   681 |  1673 |   120 ||  2942

Table legend:
 A = Non-vault XP
 B = Vault XP
 C = Vault XP percentage of total XP
 D = Non-vault monster count
 E = Vault monster count
 F = Vault count percentage of total count
                 A         B        C        D         E       F
            +---------+---------+-------+---------+---------+-------
      Total |   79513 |  106473 |  57.2 |     596 |     273 |  31.4
            +---------+---------+-------+---------+---------+-------
        D:1 |      24 |       0 |   0.0 |      13 |       0 |   0.0
        D:2 |     147 |     289 |  66.3 |      35 |       7 |  16.7
        D:3 |     180 |      64 |  26.2 |      32 |       8 |  20.0
        D:4 |     417 |       0 |   0.0 |      18 |       0 |   0.0
        D:5 |     247 |     216 |  46.7 |      11 |       2 |  15.4
        D:6 |     870 |       0 |   0.0 |      33 |       0 |   0.0
        D:7 |    1215 |     593 |  32.8 |      30 |       1 |   3.2
        D:8 |    2209 |    1056 |  32.3 |      38 |       3 |   7.3
        D:9 |    2399 |     575 |  19.3 |      22 |      17 |  43.6
       D:10 |    3184 |     205 |   6.0 |      28 |       1 |   3.4
       D:11 |    5399 |    1454 |  21.2 |      29 |       3 |   9.4
       D:12 |    5763 |    5064 |  46.8 |      37 |      29 |  43.9
       D:13 |    5481 |     189 |   3.3 |      18 |       1 |   5.3
       D:14 |    7066 |   11003 |  60.9 |      33 |      19 |  36.5
       D:15 |       0 |   44415 | 100.0 |       0 |      85 | 100.0
     Lair:1 |    1530 |    2950 |  65.8 |       8 |       2 |  20.0
     Lair:2 |   11163 |     482 |   4.1 |      35 |       3 |   7.9
     Lair:3 |    5403 |   11837 |  68.7 |      24 |      31 |  56.4
     Lair:4 |    1648 |       0 |   0.0 |      10 |       0 |   0.0
     Lair:5 |    6765 |       0 |   0.0 |      19 |       0 |   0.0
     Lair:6 |    6697 |   13851 |  67.4 |      26 |      35 |  57.4
   Shoals:1 |    4253 |       0 |   0.0 |       9 |       0 |   0.0
   Spider:1 |     851 |       0 |   0.0 |       3 |       0 |   0.0
      Orc:1 |    1514 |    1687 |  52.7 |      24 |       4 |  14.3
      Orc:2 |    5088 |   10543 |  67.4 |      61 |      22 |  26.5
            +---------+---------+-------+---------+---------+-------
